FL
ROCHESTER HUSKIES @ WEST VALLEY CITY SUNS
09/06/2098
 
TOP OF THE 1ST
Rochester Huskies batting - Pitching for West Valley City Suns : RHP Lodovico Ribsi
Pitching: RHP Lodovico Ribsi
Batting: RHB Luis Muñóz 0-0: Called Strike
0-1: Ball
1-1: Called Strike
1-2: Ball
2-2: Ball
3-2: Foul Ball, location: 9LSF
3-2: Foul Ball, location: 5FF
3-2: Base on Balls
Batting: LHB Jaime Fernández 0-0: Ball
1-0: Foul Ball, location: 2F
1-1: SINGLE (Groundball, 34, EV 108.1 MPH)
Luis Muñóz to second
Runner from 2nd tries for 3rd, SAFE, no throw by RF
Batting: SHB Bryan Jones 0-0: Ball
1-0: SINGLE (Line Drive, 4D, EV 98.8 MPH)
Luis Muñóz scores
Jaime Fernández to second
Runner from 2nd tries for 3rd, SAFE, throw by RF made to third
Batting: LHB Artie Thompson 0-0: Foul Ball, location: 5SF
0-1: Foul Ball, location: 7LMF
0-2: Fielders Choice at 2nd, 3-6 (Groundball, 3, EV 94.4 MPH)
Jaime Fernández scores
Batting: RHB John Ramos 0-0: Called Strike
Artie Thompson is caught stealing 2nd base 2-4
0-1: Ball
1-1: Foul Ball, location: 2F
1-2: Ball
2-2: Foul Ball, location: 9LSF
2-2: Ball
3-2: Foul Ball, location: 9LDF
3-2: SINGLE (Line Drive, 8RS, EV 103.1 MPH)
Batting: RHB Benny Hunter 0-0: Foul Ball, location: 3F
0-1: Foul Ball, location: 9LSF
0-2: Foul Ball, location: 5F
0-2: Ball
1-2: Fielders Choice at 2nd, 5-4 (Groundball, 5L, EV 98.8 MPH)
Top of the 1st over - 2 runs, 3 hits, 0 errors, 1 left on base; Rochester 2 - West Valley City 0
BOTTOM OF THE 1ST
West Valley City Suns batting - Pitching for Rochester Huskies : RHP Gary Flanagan
Pitching: RHP Gary Flanagan
Batting: LHB Dan White 0-0: Called Strike
0-1: Ball
1-1: Foul Ball, location: 7LDF
1-2: Ball
2-2: Ball
3-2: Base on Balls
Batting: RHB Matt Holt 0-0: Called Strike
0-1: Called Strike
0-2: Ball
1-2: Foul Ball, location: 9LDF
1-2: Ball
2-2: Fly out, F7 (Flyball, 7D, EV 98.1 MPH)
Batting: RHB Vicente Zumaya 0-0: Ball
Dan White steals 2nd base
1-0: Swinging Strike
1-1: Foul Ball, location: 5F
1-2: DOUBLE (Line Drive, 78D, EV 105.6 MPH)
Dan White scores
Batting: LHB John Taylor 0-0: Called Strike
0-1: Ball
1-1: Ground out 6-3 (Groundball, 6, EV 95.6 MPH)
Batting: RHB Alfonso Mejía 0-0: Swinging Strike
0-1: Ball
1-1: Called Strike
1-2: Ball
2-2: DOUBLE (Flyball, 8RXD, EV 100.6 MPH)
Vicente Zumaya scores
Batting: LHB Roberto García 0-0: Ball
1-0: Ball
2-0: Called Strike
2-1: Ground out 5-3 (Groundball, 56S, EV 79.4 MPH)
Bottom of the 1st over - 2 runs, 2 hits, 0 errors, 1 left on base; Rochester 2 - West Valley City 2
TOP OF THE 2ND
Rochester Huskies batting - Pitching for West Valley City Suns : RHP Lodovico Ribsi
Batting: RHB Robbie Lane 0-0: Called Strike
0-1: Ground out 4-3 (Groundball, 4M, EV 98.8 MPH)
Batting: RHB Lorenzo León 0-0: Called Strike
0-1: Ball
1-1: Ball
2-1: Ball
3-1: Called Strike
3-2: Base on Balls
Batting: RHB Adam Johnston 0-0: Called Strike
Lorenzo León is caught stealing 2nd base 2-4
0-1: Foul Ball, location: 9LMF
0-2: Ball
1-2: Ball
2-2: Ball
3-2: Base on Balls
Batting: RHB Luis Muñóz 0-0: Ball
1-0: Foul Ball, location: 25FF
1-1: Ball
2-1: Swinging Strike
2-2: Strikes out looking
Top of the 2nd over - 0 runs, 0 hits, 0 errors, 1 left on base; Rochester 2 - West Valley City 2
BOTTOM OF THE 2ND
West Valley City Suns batting - Pitching for Rochester Huskies : RHP Gary Flanagan
Batting: LHB Robert Akers 0-0: Foul Ball, location: 7LDF
0-1: Ball
1-1: Foul Ball, location: 2F
1-2: Hit by Pitch
Batting: SHB Edgardo Neroni 0-0: Ball
1-0: Foul Ball, location: 7LDF
1-1: Hit by Pitch
Robert Akers to second
Batting: RHB Ryan Robinson 0-0: Called Strike
0-1: Ball
1-1: Foul Ball, location: 9LSF
1-2: Hit by Pitch
Robert Akers to third
Edgardo Neroni to second
Batting: LHB Dan White 0-0: Called Strike
0-1: Ball
1-1: Ball
2-1: DOUBLE (Line Drive, 78D, EV 101.9 MPH)
Robert Akers scores
Edgardo Neroni scores
Ryan Robinson to third
Batting: RHB Matt Holt 0-0: Ball
1-0: Swinging Strike
1-1: Called Strike
1-2: Ball
2-2: Ball
3-2: Base on Balls
Batting: RHB Vicente Zumaya 0-0: Swinging Strike
0-1: Swinging Strike
0-2: Fly out, F7 (Flyball, 78M, EV 82.5 MPH)
Runner from 3rd tags up, OUT at HOME! 7-2
Dan White to third
Matt Holt to second
Batting: LHB John Taylor 0-0: Ball
1-0: Foul Ball, location: 3F
1-1: Ground out 5-3 (Groundball, 5, EV 81.3 MPH)
Bottom of the 2nd over - 2 runs, 1 hit, 0 errors, 2 left on base; Rochester 2 - West Valley City 4
TOP OF THE 3RD
Rochester Huskies batting - Pitching for West Valley City Suns : RHP Lodovico Ribsi
Batting: LHB Jaime Fernández 0-0: Ball
1-0: Called Strike
1-1: Fly out, F8 (Flyball, 8RD, EV 104.4 MPH)
Batting: SHB Bryan Jones 0-0: Foul Ball, location: 25F
0-1: Ball
1-1: Called Strike
1-2: Strikes out looking
Batting: LHB Artie Thompson 0-0: Foul Ball, location: 2F
0-1: Ball
1-1: Fly out, F8 (Flyball, 8RM, EV 93.1 MPH)
Top of the 3rd over - 0 runs, 0 hits, 0 errors, 0 left on base; Rochester 2 - West Valley City 4
BOTTOM OF THE 3RD
West Valley City Suns batting - Pitching for Rochester Huskies : RHP Gary Flanagan
Batting: RHB Alfonso Mejía 0-0: Foul Ball, location: 2F
0-1: Foul Ball, location: 9LMF
0-2: Ball
1-2: Fly out, F9 (Flyball, 89D, EV 95.6 MPH)
Batting: LHB Roberto García 0-0: Ball
1-0: Called Strike
1-1: Ball
2-1: Ball
3-1: Base on Balls
Batting: LHB Robert Akers 0-0: Called Strike
0-1: Ball
1-1: Called Strike
1-2: Ball
2-2: Foul Ball, location: 2F
2-2: Foul Ball, location: 23FF
2-2: Ball
3-2: Foul Ball, location: 2F
3-2: Base on Balls
Roberto García to second
Batting: SHB Edgardo Neroni 0-0: Called Strike
0-1: Ball
1-1: Ball
2-1: Foul Ball, location: 2RF
2-2: Foul Ball, location: 2F
2-2: Ball
3-2: Fly out, F8 (Flyball, 8LM, EV 84.4 MPH)
Batting: RHB Ryan Robinson 0-0: Called Strike
0-1: Swinging Strike
0-2: Foul Ball, location: 5F
0-2: Strikes out swinging
Bottom of the 3rd over - 0 runs, 0 hits, 0 errors, 2 left on base; Rochester 2 - West Valley City 4
TOP OF THE 4TH
Rochester Huskies batting - Pitching for West Valley City Suns : RHP Lodovico Ribsi
Batting: RHB John Ramos 0-0: Called Strike
0-1: Called Strike
0-2: Foul Ball, location: 2F
0-2: Strikes out looking
Batting: RHB Benny Hunter 0-0: Called Strike
0-1: SINGLE (Line Drive, 89S, EV 105.0 MPH)
Batting: RHB Robbie Lane 0-0: Foul Ball, location: 23F
0-1: Ball
1-1: Called Strike
1-2: Fly out, F8 (Flyball, 8LD, EV 88.1 MPH)
Batting: RHB Lorenzo León 0-0: Ball
Benny Hunter steals 2nd base
1-0: Ball
2-0: Foul Ball, location: 3SF
2-1: Ground out 2-3 (Groundball, 2L, EV 70.0 MPH)
Top of the 4th over - 0 runs, 1 hit, 0 errors, 1 left on base; Rochester 2 - West Valley City 4
BOTTOM OF THE 4TH
West Valley City Suns batting - Pitching for Rochester Huskies : RHP Gary Flanagan
Batting: LHB Dan White 0-0: Ball
1-0: Swinging Strike
1-1: Ball
2-1: Swinging Strike
2-2: Strikes out swinging
Batting: RHB Matt Holt 0-0: Ball
1-0: Ball
2-0: Called Strike
2-1: Ball
3-1: Base on Balls
Batting: RHB Vicente Zumaya 0-0: Called Strike
0-1: Ball
1-1: Fly out, F8 (Line Drive, 78D, EV 106.9 MPH)
Batting: LHB John Taylor 0-0: Ball
1-0: Ball
2-0: Fly out, F8 (Flyball, 89D, EV 102.5 MPH)
Bottom of the 4th over - 0 runs, 0 hits, 0 errors, 1 left on base; Rochester 2 - West Valley City 4
TOP OF THE 5TH
Rochester Huskies batting - Pitching for West Valley City Suns : RHP Lodovico Ribsi
Batting: RHB Adam Johnston 0-0: Called Strike
0-1: SINGLE (Groundball, 4MD, EV 104.4 MPH)
Batting: RHB Luis Muñóz 0-0: Ball
Adam Johnston is caught stealing 2nd base 2-4
1-0: Foul Ball, location: 7LMF
1-1: Ball
2-1: Swinging Strike
2-2: Foul Ball, location: 2F
2-2: Foul Ball, location: 2F
2-2: Strikes out swinging
Pitching: LHP Ralph Smith
Batting: LHB Jaime Fernández 0-0: Called Strike
0-1: Foul Ball, location: 7LSF
0-2: Strikes out swinging
Top of the 5th over - 0 runs, 1 hit, 0 errors, 0 left on base; Rochester 2 - West Valley City 4
BOTTOM OF THE 5TH
West Valley City Suns batting - Pitching for Rochester Huskies : RHP Gary Flanagan
Batting: RHB Alfonso Mejía 0-0: Foul Ball, location: 3FF
0-1: Fly out, F9 (Flyball, 9, EV 76.3 MPH)
Batting: LHB Roberto García 0-0: Foul Ball, location: 9LMFF
0-1: Fly out, F9 (Flyball, 89D, EV 103.1 MPH)
Batting: LHB Robert Akers 0-0: Ball
1-0: Ground out U3 (Groundball, 34S, EV 85.6 MPH)
Bottom of the 5th over - 0 runs, 0 hits, 0 errors, 0 left on base; Rochester 2 - West Valley City 4
TOP OF THE 6TH
Rochester Huskies batting - Pitching for West Valley City Suns : LHP Ralph Smith
Batting: SHB Bryan Jones 0-0: Called Strike
0-1: Foul Ball, location: 3F
0-2: Ball
1-2: Ball
2-2: Ball
3-2: SOLO HOME RUN (Flyball, 7D, EV 97.5 MPH), Distance : 383 ft
Pinch Hitting: RHB Gilbert Foster 0-0: Called Strike
0-1: Ground out 5-3 (Groundball, 5S, EV 71.9 MPH)
Batting: RHB John Ramos 0-0: Ball
1-0: Called Strike
1-1: Ball
2-1: Foul Ball, location: 25F
2-2: Ground out 6-3 (Groundball, 6, EV 83.1 MPH)
Batting: RHB Benny Hunter 0-0: Called Strike
0-1: Swinging Strike
0-2: Foul Ball, location: 3FF
0-2: Foul Ball, location: 23F
0-2: Strikes out swinging
Top of the 6th over - 1 run, 1 hit, 0 errors, 0 left on base; Rochester 3 - West Valley City 4
BOTTOM OF THE 6TH
West Valley City Suns batting - Pitching for Rochester Huskies : RHP Gary Flanagan
Pitching: RHP Juan Gonzáles
Now at 1B: Gilbert Foster
Now in RF: Jaime Fernández
Batting: SHB Edgardo Neroni 0-0: Called Strike
0-1: Ball
1-1: Ball
2-1: Foul Ball, location: 3FF
2-2: Strikes out swinging
Batting: RHB Ryan Robinson 0-0: Ground out 4-3 (Groundball, 34, EV 95.6 MPH)
Batting: LHB Dan White 0-0: Ball
1-0: Called Strike
1-1: Swinging Strike
1-2: Ball
2-2: Strikes out looking
Bottom of the 6th over - 0 runs, 0 hits, 0 errors, 0 left on base; Rochester 3 - West Valley City 4
TOP OF THE 7TH
Rochester Huskies batting - Pitching for West Valley City Suns : LHP Ralph Smith
Batting: RHB Robbie Lane 0-0: Swinging Strike
0-1: Ball
1-1: Foul Ball, location: 25FF
1-2: Ball
2-2: Strikes out swinging
Batting: RHB Lorenzo León 0-0: Ball
1-0: Swinging Strike
1-1: Called Strike
1-2: Foul Ball, location: 23F
1-2: Strikes out swinging
Batting: RHB Adam Johnston 0-0: Swinging Strike
0-1: Ball
1-1: SINGLE (Line Drive, 5D, EV 95.0 MPH)
Batting: RHB Luis Muñóz 0-0: Ball
Adam Johnston steals 2nd base
1-0: Ball
2-0: Fly out, F4 (Line Drive, 4, EV 68.1 MPH)
Top of the 7th over - 0 runs, 1 hit, 0 errors, 1 left on base; Rochester 3 - West Valley City 4
BOTTOM OF THE 7TH
West Valley City Suns batting - Pitching for Rochester Huskies : RHP Juan Gonzáles
Batting: RHB Matt Holt 0-0: Ball
1-0: Ground out 6-3 (Groundball, 6, EV 90.0 MPH)
Batting: RHB Vicente Zumaya 0-0: DOUBLE (Line Drive, 78D, EV 110.0 MPH)
Batting: LHB John Taylor 0-0: Fly out, F4 (Line Drive, 4, EV 66.3 MPH)
Lined into DP, 4-6 (Line Drive, 4, EV 66.3 MPH)
Bottom of the 7th over - 0 runs, 1 hit, 0 errors, 0 left on base; Rochester 3 - West Valley City 4
TOP OF THE 8TH
Rochester Huskies batting - Pitching for West Valley City Suns : LHP Ralph Smith
Batting: LHB Jaime Fernández 0-0: Foul Ball, location: 2F
0-1: Swinging Strike
0-2: Foul Ball, location: 2F
0-2: Foul Ball, location: 2F
0-2: DOUBLE (Line Drive, 8LXD, EV 101.3 MPH)
Pitching: RHP Wyatt Montgomery
Batting: SHB Bryan Jones 0-0: Ball
1-0: Ball
2-0: Ball
3-0: Base on Balls
Pinch Hitting: LHB David Salazar 0-0: Swinging Strike
0-1: Ball
1-1: Ball
2-1: Ball
3-1: Swinging Strike
3-2: Base on Balls
Jaime Fernández to third
Bryan Jones to second
Batting: RHB John Ramos 0-0: Called Strike
0-1: Foul Ball, location: 2F
0-2: Fly out, F9 (Flyball, 89S, EV 73.1 MPH)
Pinch Hitting: LHB Calvin Taylor 0-0: Called Strike
0-1: Swinging Strike
0-2: SINGLE (Groundball, 56D, EV 94.4 MPH)
Jaime Fernández scores
Bryan Jones to third
David Salazar to second
Runner from 3rd tries for Home, throw by LF and OUT! 7-2
David Salazar to third
Calvin Taylor to second
Pinch Hitting: RHB Domingo Ramírez 0-0: Foul Ball, location: 9LSF
0-1: Ball
1-1: Ground out 5-3 (Groundball, 56S, EV 71.9 MPH)
Top of the 8th over - 1 run, 2 hits, 0 errors, 2 left on base; Rochester 4 - West Valley City 4
BOTTOM OF THE 8TH
West Valley City Suns batting - Pitching for Rochester Huskies : RHP Juan Gonzáles
Now at 1B: David Salazar
Now at 3B: Rich Scott
Now at SS: Lorenzo León
Now in CF: Calvin Taylor
Batting: RHB Alfonso Mejía 0-0: Ball
1-0: SINGLE (Line Drive, 89S, EV 107.5 MPH)
Batting: LHB Roberto García 0-0: Fly out, F7 (Flyball, 78D, EV 110.6 MPH)
Batting: LHB Robert Akers 0-0: Ball
1-0: Fly out, F8 (Flyball, 8LS, EV 83.8 MPH)
Batting: SHB Edgardo Neroni 0-0: Ball
1-0: Called Strike
1-1: Ball
2-1: Ball
3-1: Fly out, F8 (Line Drive, 8RM, EV 105.0 MPH)
Bottom of the 8th over - 0 runs, 1 hit, 0 errors, 1 left on base; Rochester 4 - West Valley City 4
TOP OF THE 9TH
Rochester Huskies batting - Pitching for West Valley City Suns : RHP Wyatt Montgomery
Batting: RHB Lorenzo León 0-0: Ground out 6-3 (Groundball, 6, EV 90.0 MPH)
Batting: RHB Adam Johnston 0-0: Ball
1-0: Ball
2-0: Fly out, F9 (Line Drive, 9, EV 88.8 MPH)
Batting: RHB Luis Muñóz 0-0: Single, Error in OF, E8, batter to second base (Line Drive, 8LS, EV 103.8 MPH)
Batting: LHB Jaime Fernández 0-0: Called Strike
0-1: DOUBLE (Line Drive, 7LD, EV 102.5 MPH)
Luis Muñóz scores
Batting: SHB Bryan Jones 0-0: Called Strike
0-1: Ball
1-1: Ball
2-1: Foul Ball, location: 7LDF
2-2: Ball
3-2: Strikes out swinging
Top of the 9th over - 1 run, 2 hits, 1 error, 1 left on base; Rochester 5 - West Valley City 4
BOTTOM OF THE 9TH
West Valley City Suns batting - Pitching for Rochester Huskies : RHP Juan Gonzáles
Pitching: RHP Dave Drewery
Batting: RHB Ryan Robinson 0-0: Called Strike
0-1: Fly out, F7 (Flyball, 78D, EV 93.8 MPH)
Batting: LHB Dan White 0-0: Ball
1-0: Foul Ball, location: 2F
1-1: Ground out 5-3 (Groundball, 56S, EV 87.5 MPH)
Batting: RHB Matt Holt 0-0: Ball
1-0: Called Strike
1-1: Ball
2-1: Ball
3-1: SINGLE (Line Drive, 89S, EV 91.3 MPH)
Batting: RHB Vicente Zumaya 0-0: Fielders Choice at 2nd, 6-4 (Groundball, 56, EV 83.8 MPH)
Bottom of the 9th over - 0 runs, 1 hit, 0 errors, 1 left on base; Rochester 5 - West Valley City 4
Wednesday, May 15th , 2024 - OOTP Baseball 24.6 Build 69